 Seeded DCSS version 0.30.1-11-g7821555f0a (webtiles) character file.

Game seed: 75783 (custom seed)

378 lonewolfV2 the Trooper (level 7, -13/58 HPs)
             Began as a Formicid Fighter on Nov 16, 2023.
             Mangled by an ogre
             ... wielding a +0 giant club
              (27 damage)
             ... on level 4 of the Dungeon.
             The game lasted 00:03:20 (2828 turns).

lonewolfV2 the Trooper (Formicid Fighter)           Turns: 2828, Time: 00:03:20

Health: -13/58     AC: 10    Str: 20    XL:     7   Next: 4%
Magic:  7/7        EV:  8    Int:  8    God:
Gold:   247        SH:  5    Dex: 15    Spells: 6/6 levels left

rFire   . . .        a - +0 war axe (heavy)
rCold   . . .        c - +0 buckler
rNeg    . . .        d - +0 chain mail
rPois   .            (helmet unavailable)
rElec   .            (no cloak)
rCorr   .            (no gloves)
SInv    +            (no boots)
Will    .....        (no amulet) Stlth
                     (no ring)
HPRegen 0.29/turn    (no ring)
MPRegen 0.10/turn

%: no passive effects
@: no status effects
A: permanent stasis, dig shafts and tunnels, antennae 3, four strong arms
a: Dig, Shaft Self


You were on level 4 of the Dungeon.
You visited 1 branch of the dungeon, and saw 4 of its levels.

You collected 247 gold pieces.

Inventory:

Hand Weapons
 a - a +0 heavy war axe (weapon)
Armour
 c - a +0 buckler (worn)
 d - a +0 chain mail (worn)
Jewellery
 n - a +4 ring of protection
Scrolls
 f - a scroll of torment
 i - 2 scrolls of brand weapon
 j - 2 scrolls of teleportation
 l - 2 scrolls of identify
 o - a scroll of blinking {unknown}
 p - a scroll of enchant weapon {unknown}
Potions
 b - 2 potions of mutation
 e - a potion of flight
 g - a potion of degeneration
 h - a potion of resistance
 k - 3 potions of lignification
 m - 2 potions of heal wounds
 q - a potion of curing {unknown}


   Skills:
 + Level 6.1 Fighting
 - Level 2.0 Axes
 + Level 6.1 Armour
 - Level 4.0 Shields


You had 6 spell levels left.
You didn't know any spells.
Your spell library contained the following spells:

 Spells                   Type           Power      Damage    Failure   Level
 Apportation              Tloc           0%         N/A       98%         1
 Foxfire                  Conj/Fire      0%         2x1d4     98%         1
 Necrotise                Necr           0%         1d4       98%         1
 Summon Small Mammal      Summ           0%         N/A       98%         1
 Fireball                 Conj/Fire      0%         3d3       100%        5
 Plasma Beam              Fire/Air       0%         2x1d11    100%        6
 Starburst                Conj/Fire      0%         6d3       100%        6


Dungeon Overview and Level Annotations

Branches:
Dungeon (4/15)
 Temple: D:4-7

Altars:
Trog


Innate Abilities, Weirdness & Mutations

You cannot be hasted, slowed, berserked, paralysed or teleported.
You can dig through walls and to a lower floor.
You have a pair of large antennae on your head. (SInv)
Your four strong arms can wield two-handed weapons with a shield.


Message History

You slash the black bear!
The black bear is heavily wounded.
The black bear bites you.
The black bear claws you but does no damage.
You block the black bear's attack. x2; The black bear barely misses you.
The black bear claws you.
The black bear bites you but does no damage.
The black bear barely misses you.
The black bear claws you but does no damage.
You slice the black bear!!
You kill the black bear!
Your Fighting skill increases to level 6!
Your Armour skill increases to level 6!
You have reached level 7!
j - 2 scrolls of teleportation (gained 1)
You now have 247 gold pieces (gained 12).
You sense a monster nearby.
An ogre comes into view. It is wielding a +0 giant club.
The ogre shouts!
An ogre is nearby!
An ogre is nearby!
The ogre hits you with a +0 giant club!
You slash the ogre!
The ogre is moderately wounded.
The ogre hits you with a +0 giant club!
You barely miss the ogre.
The ogre is moderately wounded.
You block the ogre's attack.
You closely miss the ogre.
The ogre is moderately wounded.
The ogre closely misses you. You block the ogre's attack.
You barely miss the ogre.
The ogre is moderately wounded.
The ogre hits you with a +0 giant club!
* * * LOW HITPOINT WARNING * * *
You barely miss the ogre.
The ogre is moderately wounded.
You block the ogre's attack.
The ogre hits you with a +0 giant club!!
You die...

..#.#### ##..
.......#.# #... ....
#.#.#### #... ....#
#....## #...####...#
#....#.
#.........###
#...>#.
..........####...##.
#.O..........)..##.
#@#.###+###....##.
#.#.# #.# #.....#.
#.#.###.###.......
#.#.+.._..'.......
#.#.#######.......
#...# ### #..#....
##..#######.######
#..........#
#.....######


You could see an ogre.

Vanquished Creatures
  A black bear (D:4)
  A centaur (D:4)
  A scorpion (D:4)
  7 adders
  A worm (D:3)
  4 dart slugs
  An orc (D:3)
  10 ball pythons
  6 bats
  4 endoplasms
  4 giant cockroaches
  9 goblins
  8 hobgoblins
  9 kobolds
  4 quokkas
  A frilled lizard (D:2)
  3 rats (D:2)
74 creatures vanquished.

Vanquished Creatures (others)
  A rat (D:1)
1 creature vanquished.

Grand Total: 75 creatures vanquished

Notes
Turn   | Place    | Note
-------+----------+-------------------------------------------
     0 | D:1      | lonewolfV2 the Formicid Fighter began the quest for the
                  | Orb.
     0 | D:1      | Reached XP level 1. HP: 18/18 MP: 1/1
   119 | D:1      | Reached XP level 2. HP: 24/25 MP: 2/2
   275 | D:1      | Reached XP level 3. HP: 30/30 MP: 3/3
  1185 | D:2      | Reached XP level 4. HP: 37/37 MP: 4/4
  1958 | D:3      | Reached XP level 5. HP: 35/43 MP: 5/5
  2261 | D:4      | Reached skill level 5 in Armour
  2280 | D:4      | Noticed a centaur
  2287 | D:4      | Reached skill level 5 in Fighting
  2288 | D:4      | Killed a centaur
  2289 | D:4      | Reached XP level 6. HP: 41/51 MP: 6/6
  2761 | D:4      | Noticed a black bear
  2762 | D:4      | Found a bloodstained altar of Trog.
  2767 | D:4      | Killed a black bear
  2768 | D:4      | Reached XP level 7. HP: 52/58 MP: 7/7
  2828 | D:4      | Mangled by an ogre

Illustrated notes

Levels and vault maps discovered:
D:1:      dpeg_arrival_rooms_with_view, layout_loops_ring,
          kennysheep_another_room, kennysheep_crisscross, lemuel_flame_loot_1
D:2:      layout_basic, minmay_misc_feat_hallway
D:3:      layout_rooms
D:4:      layout_layer_cave, lemuel_doored_altar

Skill      XL: |  1  2  3  4  5  6 |
---------------+-------------------+-----
Fighting       | 4 5 6 |  6.1
Armour         | 4 5 6 |  6.1
Axes           | |  2.0
Shields        | |  4.0

Action                     |  1- 3 |  4- 6 |  7- 9 || total
---------------------------+-------+-------+-------++-------
  Melee: War axe           |    83 |    79 |     5 ||   167
    Use: Scroll            |     1 |    10 |       ||    11
         Potion            |       |     1 |       ||     1
 Armour: Scale mail        |    45 |    14 |       ||    59
         Chain mail        |       |    47 |       ||    47
  Dodge: Dodged            |    44 |    60 |     1 ||   105
  Block: Buckler           |    27 |    32 |     3 ||    62
